 Dungeon Crawl Stone Soup version 0.21.1-1-g345015fe64 (webtiles) character file.

1575 Gargoyl the Chopper (level 8, -4/67 HPs)
             Began as a Centaur Abyssal Knight on July 3, 2018.
             Was an Elder of Lugonu.
             Splashed by an orc's acid (18 damage)
             ... on level 6 of the Dungeon.
             The game lasted 00:10:13 (5860 turns).

Gargoyl the Chopper (Centaur Abyssal Knight)        Turns: 5860, Time: 00:10:13

Health: -4/67      AC:  7    Str: 16    XL:     8   Next: 60%
Magic:  11/11      EV:  7    Int: 11    God:    Lugonu [****..]
Gold:   414        SH: 13    Dex: 13    Spells: 7/7 levels left

rFire    . . .     SeeInvis .   a - +4 hand axe
rCold    + . .     Gourm    .   q - +1 shield
rNeg     . . .     Faith    .   e - +1 ring mail {rC+}
rPois    .         Spirit   .   (no helmet)
rElec    .         Reflect  +   w - +0 cloak
rCorr    .         Harm     .   d - +2 pair of gloves
MR       .....                  (no barding)
Stlth    ..........             l - +4 amulet of reflection
HPRegen  0.21/turn              f - +3 ring of dexterity
MPRegen  0.12/turn              (no ring)

@: corroded, very quick
A: large, hooves 3, deformed body, speed 2, tough skin 3
a: Depart the Abyss, Bend Space, Banish, Corrupt, Renounce Religion


You were on level 6 of the Dungeon.
You worshipped Lugonu.
Lugonu was greatly pleased with you.
You were not hungry.

You visited 1 branch of the dungeon, and saw 6 of its levels.
You visited the Abyss 1 time.

You collected 414 gold pieces.

Inventory:

Hand Weapons
 a - a +4 hand axe (weapon)
Armour
 d - a +2 pair of gloves (worn)
 e - a +1 ring mail of cold resistance (worn)
 q - a +1 shield (worn)
 t - a +0 hat
 w - a +0 cloak (worn)
Jewellery
 f - a +3 ring of dexterity (left hand)
 l - a +4 amulet of reflection (around neck)
Wands
 s - a wand of polymorph (8)
 x - a wand of iceblast (4)
Scrolls
 b - 3 scrolls of identify
 m - 2 scrolls of fog
 n - 2 scrolls of amnesia
 o - 2 scrolls of remove curse
Potions
 g - 3 potions of curing
 h - a potion of lignification {unknown}
 i - a potion of cancellation {unknown}
 j - 2 potions of ambrosia {unknown}
 k - a potion of might
 p - a potion of heal wounds {unknown}
 r - a potion of agility {unknown}
 u - a potion of haste {unknown}
 z - a potion of brilliance {unknown}
Comestibles
 c - 18 rations
 v - 2 chunks of flesh


   Skills:
 + Level 4.3 Fighting
 + Level 5.5 Axes
 * Level 4.1 Armour
 + Level 2.3 Dodging
 + Level 2.7 Shields
 * Level 5.2 Invocations


You had 7 spell levels left.
You didn't know any spells.

Dungeon Overview and Level Annotations

Branches:
Dungeon (6/15)
 Temple: D:4-7

Altars:
Okawaru
Qazlal
Ru
Sif Muna


Innate Abilities, Weirdness & Mutations

You have hooves in place of feet.
Armour fits poorly on your strangely shaped body.
You cover ground very quickly.
You have extremely tough skin. (AC +3)


Message History

You barely miss the orc.
The orc shouts!
You block the orc's attack.
Your shield and ring mail prevent you from hitting the orc.
You kick the orc.
The orc is heavily wounded.
You closely miss the orc.
The orc zaps a wand.
The bolt of acid hits the orc.
The orc is splashed with acid.
The acid corrodes the orc!
The orc dies!
The bolt of acid hits you! The acid corrodes you!
You are splashed with acid!
The acid burns!
It is a wand of acid (6).
You block the orc's attack.
Items here: ! $ ) [ a war axe; a leather armour; a sedimented green potion; 11 gold pieces You block the orc's attack.
The orc hits you but does no damage.
You completely miss the orc. You kick the orc, but do no damage.
You hit the orc. You block the orc's attack.
The orc zaps a wand.
The bolt of acid hits you!
* * * LOW HITPOINT WARNING * * *
You are splashed with acid!
The acid burns!
You die...

. # ######......#
#.#.##...........#
##......####........
#.......####......#.
..#.###...#########
##. # ###.## ##.....
#..#### ##.....#
##....####...##.#
####..)@o..##..#
###o#..(#..#
#...###...#
##.#####...#
#..).......##
####.#[.##..# #.#
##.##.##..## #.#
#..##.##...# #.#
#.###....#.#


You could see 2 orcs.

Vanquished Creatures
  Prince Ribbit (D:5)
  Edmund (D:5)
  A sky beast (D:5)
  A phantom (D:4)
  4 big kobolds (D:4)
  A bullfrog (D:4)
  A howler monkey (D:4)
  A crimson imp (D:5)
  A bullfrog zombie (D:3)
  A hound (D:4)
  A gnoll shaman (D:6)
  A centaur skeleton (D:4)
  3 orc wizards (D:5)
  Crazy Yiuf (D:5)
  2 worker ants
  A hound skeleton (D:4)
  6 gnolls
  8 adders
  An ooze (D:3)
  An adder zombie (D:5)
  2 worms (D:2)
  2 dart slugs
  5 leopard geckos
  12 orcs
  3 giant cockroaches
  7 goblins
  9 hobgoblins
  8 jackals
  51 kobolds
  2 quokkas
  4 bats
  5 frilled lizards
  10 rats
158 creatures vanquished.

Vanquished Creatures (others)
  A centaur (D:5)
  An orc (D:6)
2 creatures vanquished.

Grand Total: 160 creatures vanquished

Notes
Turn   | Place    | Note
-------+----------+-------------------------------------------
     0 | Abyss:1  | Gargoyl the Centaur Abyssal Knight began the quest for the Orb.
     0 | Abyss:1  | Reached XP level 1. HP: 19/19 MP: 2/2
    20 | Abyss:1  | Found a corrupted altar of Lugonu.
    49 | Abyss:1  | Noticed a small abomination
    50 | Abyss:1  | Noticed a small abomination
    72 | D:1      | Escaped the Abyss
   220 | D:1      | Reached XP level 2. HP: 15/26 MP: 3/3
   222 | D:1      | Reached * piety under Lugonu
  1082 | D:2      | Reached XP level 3. HP: 27/31 MP: 4/4
  1522 | D:2      | Reached XP level 4. HP: 38/38 MP: 5/5
  1538 | D:2      | Found a sacrificial altar of Ru.
  1798 | D:2      | Found a stormy altar of Qazlal.
  2112 | D:3      | Reached ** piety under Lugonu
  2235 | D:3      | Reached skill level 1 in Dodging
  2273 | D:3      | Found an iron altar of Okawaru.
  2529 | D:3      | Reached XP level 5. HP: 36/45 MP: 7/7
  2887 | D:4      | Reached XP level 6. HP: 44/51 MP: 8/8
  3152 | D:4      | Reached *** piety under Lugonu
  3320 | D:4      | Reached XP level 7. HP: 45/58 MP: 9/9
  3417 | D:4      | Reached skill level 1 in Shields
  4026 | D:5      | Entered Level 5 of the Dungeon
  4038 | D:5      | Noticed Edmund
  4073 | D:5      | Killed Edmund
  4229 | D:5      | Noticed Prince Ribbit
  4451 | D:5      | Reached XP level 8. HP: 66/66 MP: 11/11
  4481 | D:5      | Reached skill level 5 in Axes
  4693 | D:5      | Killed Prince Ribbit
  4693 | D:5      | Reached skill level 5 in Invocations
  4844 | D:5      | Reached **** piety under Lugonu
  5120 | D:5      | Found a deep blue altar of Sif Muna.
  5197 | D:5      | Found a runed door.
  5466 | D:5      | Noticed Crazy Yiuf
  5471 | D:5      | Killed Crazy Yiuf
  5860 | D:6      | Splashed by an orc's acid

Skill      XL: |  1  2  3  4  5  6  7  8 |
---------------+-------------------------+-----
Axes           | 2 3 4 5 |  5.5
Armour         | 2 3 4 |  4.1
Dodging        | 1 2 |  2.3
Invocations    | 3 4 5 |  5.2
Shields        | 2 |  2.7
Fighting       | 4 |  4.3

Action                   |  1- 3 |  4- 6 |  7- 9 || total
-------------------------+-------+-------+-------++-------
Melee: Hand axe          |    89 |   145 |   224 ||   458
       Kick              |    13 |    33 |    53 ||    99
Invok: Depart the Abyss  |     1 |       |       ||     1
  Use: Scroll            |     7 |     7 |     4 ||    18
  Eat: Chunk             |     1 |     5 |     7 ||    13
Armor: Leather armour    |    20 |       |       ||    20
       Ring mail         |    15 |    75 |    93 ||   183
Dodge: Dodged            |    41 |    51 |    43 ||   135
Block: Shield            |       |    75 |   172 ||   247
       Reflection        |       |    16 |    26 ||    42
